 Seeded DCSS version 0.30-a0-1016-gfb0d676c02 (webtiles) character file.

Game seed: 130013135 (custom seed)

404 Genovi the Covered (level 6, -1/60 HPs)
             Began as a Gargoyle Fighter on Apr 7, 2023.
             Slain by a gnoll
             ... wielding a +1 spear of distortion
              (8 damage)
             ... on level 3 of the Dungeon.
             The game lasted 00:04:27 (2510 turns).

Genovi the Covered (Gargoyle Fighter)               Turns: 2510, Time: 00:04:28

Health: -1/60      AC: 21    Str: 21    XL:     6   Next: 86%
Magic:  6/6        EV:  6    Int:  9    God:
Gold:   86         SH:  4    Dex:  9    Spells: 5/5 levels left

rFire   + . .      SeeInvis .    u - +3 hand axe of the Special Wars {pain, rN+}
rCold   . . .      Faith    .    c - +0 buckler
rNeg    + + .      Spirit   .    t - +0 plate armour
rPois   ∞          Reflect  .    (no helmet)
rElec   +          Rampage  .    (no cloak)
rCorr   .                        m - +1 pair of gloves
Will    +....                    o - +1 pair of boots Stlth
                                 n - amulet of regeneration
HPRegen 1.10/turn                f - ring of protection from fire
MPRegen 0.10/turn                w - ring of willpower

@: mighty, berserking (expiring), very quick
A: sickness immunity, AC +4, negative energy resistance 1, electricity
resistance, torment resistance 1, petrification resistance
a: no special abilities


You were on level 3 of the Dungeon.
You visited 1 branch of the dungeon, and saw 3 of its levels.
You also visited: Sewer.

You collected 86 gold pieces.

Inventory:

Hand Weapons
 a - a +0 war axe
 u - the +3 hand axe of the Special Wars (weapon) {pain, rN+}
   (You found it on level 2 of the Dungeon)

   rN:        It protects you from negative energy.
Missiles
 e - 3 poisoned darts (quivered)
Armour
 b - a +0 scale mail
 c - a +0 buckler (worn)
 m - a +1 pair of gloves (worn)
 o - a +1 pair of boots (worn)
 p - a +0 tower shield
 t - a +0 plate armour (worn)
Jewellery
 f - a ring of protection from fire (left hand)
 l - an amulet of guardian spirit
 n - an amulet of regeneration (around neck)
 w - a ring of willpower (right hand)
 D - the amulet of the Mauling Seer {Spirit Rampage Will+++ Int-3 Dex+2}
   (You found it on level 3 of the Dungeon)

   [amulet of guardian spirit]

   It causes incoming damage to be divided between your reserves of health and
   magic.
   Int:       It affects your intelligence (-3).
   Dex:       It affects your dexterity (+2).
   Rampage:   It bestows one free step when moving towards enemies.
   Will:      It greatly increases your willpower.
Wands
 r - a wand of paralysis (7)
 v - a wand of polymorph (3)
Scrolls
 g - a scroll of blinking
 i - 3 scrolls of identify {unknown}
 j - 3 scrolls of noise {unknown}
 k - 2 scrolls of fear {unknown}
 s - a scroll of immolation {unknown}
 x - a scroll of fog {unknown}
 y - a scroll of torment {unknown}
 C - 3 scrolls of acquirement {unknown}
 F - a scroll of enchant weapon {unknown}
Potions
 h - 2 potions of berserk rage
 q - 2 potions of curing {unknown}
 z - a potion of magic {unknown}
 A - a potion of haste {unknown}
 B - a potion of lignification {unknown}
 E - a potion of heal wounds {unknown}


   Skills:
 + Level 5.0 Fighting
 + Level 3.4 Axes
 * Level 5.8 Armour
 - Level 3.9 Shields


You had 5 spell levels left.
You didn't know any spells.
Your spell library contained the following spells:

 Spells                   Type           Power      Damage    Failure   Level
 Freeze                   Ice            0%         1d3       100%        1
 Kiss of Death            Conj/Necr      0%         2d5       100%        1
 Slow                     Hex            0%         N/A       100%        1
 Sting                    Tmut/Pois      0%         1d3       100%        1
 Poisonous Vapours        Pois/Air       0%         N/A       100%        2
 Confusing Touch          Hex            0%         N/A       100%        3
 Frozen Ramparts          Ice            0%         1d1       100%        3
 Gell's Gravitas          Tloc           0%         N/A       100%        3
 Hailstorm                Conj/Ice       0%         3d3       100%        3
 Inner Flame              Hex/Fire       0%         N/A       100%        3
 Teleport Other           Tloc           0%         N/A       100%        3
 Vampiric Draining        Necr           0%         2d6       100%        3
 Dispel Undead            Necr           0%         3d6       100%        4
 Flame Wave               Conj/Fire      0%         2d4       100%        4
 Olgreb's Toxic Radiance  Pois           0%         N/A       100%        4
 Sticky Flame             Conj/Fire      0%         2d3       100%        4
 Dispersal                Tloc           0%         N/A       100%        6
 Chain Lightning          Conj/Air       0%         N/A       100%        9
 Fire Storm               Conj/Fire      0%         5d1       100%        9
 Shatter                  Erth           0%         3d5*      100%        9


Dungeon Overview and Level Annotations

Branches:
Dungeon (3/15)              Sewer (visited)

Altars:
Dithmenos
Okawaru
Uskayaw

Shops:
D:2 [

Portals:
Abyss: D:3

Annotations:
D:3 1 transporter, gelatine's ghost, amateur DsRe


Innate Abilities, Weirdness & Mutations

You are immune to sickness and miasma.
Your stone body is resilient. (AC +4)
You are immune to poison.
You resist negative energy. (rN+)
You are resistant to electric shocks. (rElec)
You are resistant to unholy torment.
You are immune to petrification.


Message History

The crimson imp hits you but does no damage.
There is a transporter landing site here.
The crimson imp attacks as you move away!
The crimson imp hits you but does no damage.
The crimson imp puffs mist at you.
You see here a scroll of blinking.
You slash the crimson imp!
You kill the crimson imp!
Your Fighting skill increases to level 5!
The gnoll hits you from afar with a +1 spear of distortion.
* * * LOW HITPOINT WARNING * * *
Space warps around you.
* * * LOW HITPOINT WARNING * * *
You hit gelatine's ghost but do no damage.
The gnoll hits you but does no damage.
Gelatine's ghost whispers, "There is no future for you."
Gelatine's ghost hits you but does no damage.
It was a potion of berserk rage.
A red film seems to cover your vision as you go berserk!
You feel yourself moving faster!
You feel mighty! The gnoll hits you but does no damage.
You blink.
You feel a strong urge to attack something.
You hit gelatine's ghost.
Gelatine's ghost is lightly damaged.
Gelatine's ghost hits you but does no damage.
You closely miss gelatine's ghost.
Gelatine's ghost is lightly damaged.
The gnoll hits you but does no damage. Space warps around you.
* * * LOW HITPOINT WARNING * * *
Gelatine's ghost hits you but does no damage.
You hit gelatine's ghost.
Gelatine's ghost is lightly damaged.
You block the gnoll's attack. Gelatine's ghost hits you.
* * * LOW HITPOINT WARNING * * *
You closely miss gelatine's ghost.
Gelatine's ghost is lightly damaged.
You closely miss gelatine's ghost.
Gelatine's ghost is lightly damaged.
The gnoll hits you from afar with a +1 spear of distortion!
You die...

##.# #.>...#...##.##.....###.....
##.# #########.......###.####....
...###########...#######..##.....
##....................###.#......
###..............................
.................................
......###.......####.............
.....##[###...###..#.............
.....#.#. #..##.@###...##....#...
8....##...####gW#.#...[......~~~~
......##....©?.##.##.......#~~~~~
8......##..#.###.#.##.......~~~~~
.[.....©#.##... #...#.......~~†.~
8.....###...###g.####.......~~~~~
..#..## . ###.##.# #....<..#~~~~~
.....#.#.##....##.##.........~~~~
.#...#..##...###. .##..#.....#~.~


You could see gelatine's ghost and a gnoll.

Vanquished Creatures
  A scorpion (D:3)
  A crimson imp (D:3)
  Ijyb (D:2)
  Terence (D:3)
  Natasha (D:2)
  A hell rat (Sewer)
  3 small abominations (D:3)
  A gnoll (D:3)
  2 adders
  2 river rats (Sewer)
  A worm (D:2)
  3 dart slugs
  An orc (D:3)
  3 ball pythons
  4 bats
  3 endoplasms (D:1)
  4 giant cockroaches
  9 hobgoblins
  11 kobolds
  2 quokkas (D:2)
  2 frilled lizards (D:1)
  3 goblins
  10 rats
70 creatures vanquished.

Notes
Turn   | Place    | Note
-------+----------+-------------------------------------------
     0 | D:1      | Genovi the Gargoyle Fighter began the quest for the Orb.
     0 | D:1      | Reached XP level 1. HP: 14/14 MP: 1/1
    85 | D:1      | Reached XP level 2. HP: 19/19 MP: 2/2
   475 | D:1      | Reached XP level 3. HP: 20/23 MP: 3/3
  1277 | D:2      | Found Ockiekl Wivi's Antique Armour Shop.
  1297 | D:2      | Identified the +3 hand axe of the Special Wars {pain, rN+}
  1529 | D:2      | Found a shadowy altar of Dithmenos.
  1602 | D:2      | Noticed Natasha
  1607 | D:2      | Killed Natasha
  1608 | D:2      | Reached XP level 4. HP: 25/29 MP: 4/4
  1842 | D:3      | Noticed Ijyb
  1923 | D:2      | Killed Ijyb
  1931 | D:3      | Found a glowing drain.
  1950 | Sewer    | Entered a sewer
  1963 | Sewer    | Reached XP level 5. HP: 22/33 MP: 5/5
  2066 | D:3      | Noticed Terence
  2081 | D:3      | Killed Terence
  2183 | D:3      | Reached skill level 5 in Armour
  2183 | D:3      | Reached XP level 6. HP: 39/39 MP: 6/6
  2206 | D:3      | Identified the amulet of the Mauling Seer {Spirit Rampage
                  | Will+++ Int-3 Dex+2}
  2208 | D:3      | Found a hide-covered altar of Uskayaw.
  2219 | D:3      | Found a transporter.
  2283 | D:3      | Found an iron altar of Okawaru.
  2364 | D:3      | Found a transporter.
  2364 | D:3      | Found a one-way gate to the infinite horrors of the Abyss.
  2364 | D:3      | Noticed gelatine's ghost (amateur DsRe)
  2501 | D:3      | Reached skill level 5 in Fighting
  2510 | D:3      | Slain by a gnoll

Illustrated notes

Levels and vault maps discovered:
D:1:      ncdulo_lavacross, layout_basic, columned_hall_lemuel
D:2:      layout_loops_cross, serial_shops, nicolae_shop_advertising_works
          [nicolae_subvault_shop_adworks], basic_altar,
          kennysheep_generic_room_14, uniq_natasha
D:3:      layout_rooms, okawaru_altar_gauntlet_db,
          eat_drink_and_be_merry_uskayaw, gammafunk_ghost_abyssal_escape,
          cheibrodos_sewer_entry_drain, nrook_mini_vaults, uniq_ijyb,
          uniq_terence

Skill      XL: |  1  2  3  4  5  6 |
---------------+-------------------+-----
Axes           | 2 3 |  3.4
Fighting       | 4 5 |  5.0
Armour         | 4 5 |  5.8
Shields        | |  3.9

Action                     |  1- 3 |  4- 6 || total
---------------------------+-------+-------++-------
  Melee: War axe           |    81 |    20 ||   101
         Hand axe          |       |    99 ||    99
         Unarmed           |       |     3 ||     3
    Use: Potion            |       |     2 ||     2
 Armour: Scale mail        |    46 |       ||    46
         Plate armour      |    10 |    79 ||    89
  Dodge: Dodged            |    29 |    26 ||    55
  Block: Buckler           |    14 |    24 ||    38

Table legend: (Time is in decaauts)
 A = Elapsed time spent in this place.
 B = Non-inter-level travel time spent in this place.
 C = Inter-level travel time spent in this place.
 D = Time resting spent in this place.
 E = Time spent auto-exploring this place.
 F = Levels seen in this place.
 G = Mean time per level.
                   A        B        C        D        E       F      G
               +--------+--------+--------+--------+--------+-----+--------+
         Total |   2562 |   2302 |    260 |      0 |   1711 |   4 |  640.5 |
       Dungeon |   2441 |   2181 |    260 |      0 |   1653 |   3 |  813.7 |
         Sewer |    120 |    120 |      0 |      0 |     58 |   1 |  120.0 |
               +--------+--------+--------+--------+--------+-----+--------+

Top non-repeatable levels by time:
     D:1: 1185 daAuts
     D:2: 742 daAuts
     D:3: 513 daAuts
   Sewer: 120 daAuts
